 Dungeon Crawl Stone Soup version 0.18-a0-1372-gd644665 (webtiles) character file.

7974 M4edhros the Martial Artist (level 11, -7/67 HPs)
             Began as an Octopode Monk on Feb 22, 2016.
             Was the Champion of Zin.
             Mangled by a hill giant
             ... wielding a +0 giant spiked club
              (31 damage)
             ... on level 10 of the Dungeon.
             The game lasted 00:28:11 (11932 turns).

M4edhros the Martial Artist (Octopode Monk)        Turns: 11932, Time: 00:28:12

Health: -7/67      AC:  2    Str: 14    XL:     11   Next: 23%
Magic:  18/19      EV: 20    Int: 16    God:    Zin [******]
Gold:   465        SH:  0    Dex: 23    Spells: 2 memorised, 6 levels left

rFire  . . .     SeeInvis .       - Unarmed
rCold  . . .     Gourm    .     (no shield)
rNeg   . . .     Faith    .     (helmet restricted)
rPois  ∞         Spirit   .     (no amulet)
rElec  .         Dismiss  .     g - +1 ring of protection
rCorr  .         Reflect  .     t - ring of protection from magic
SustAt .         Harm     .     G - ring of wizardry
MR     +....                    (no ring)
Stlth  +++.......               (no ring)
                                (no ring)
                                (no ring)
                                (no ring)

@: vitalised, silence, somewhat resistant to hostile enchantments, fairly
stealthy
A: almost no armour, amphibious, 8 rings, constrict 8, camouflage 1, gelatinous
body 1
a: Renounce Religion


You were on level 10 of the Dungeon.
You worshipped Zin.
Zin was exalted by your worship.
You were not hungry.

You visited 2 branches of the dungeon, and saw 11 of its levels.
You also visited: Ossuary.

You collected 558 gold pieces.
You donated 93 gold pieces to Zin.

Inventory:

Hand Weapons
 r - a +0 hunting sling
 P - the +5 mace of Maingemi {crush, rC+ Dex+2}
   (You found it on level 9 of the Dungeon)

   It inflicts extra damage upon your enemies.
   It affects your dexterity (+2).
   It protects you from cold.
Missiles
 e - 65 sling bullets
 h - 350 stones
 l - 11 curare-tipped needles
 p - 2 poisoned javelins (quivered)
Jewellery
 g - a +1 ring of protection (left tentacle)
 t - a ring of protection from magic (right tentacle)
 G - a ring of wizardry (on tentacle)
Wands
 w - a wand of random effects (22/48)
 y - a wand of iceblast (9/15)
 z - a wand of paralysis (7/24)
 B - a wand of acid (10/15)
 I - a wand of flame (34/48)
 L - a wand of slowing (25/48)
Scrolls
 b - a scroll of enchant weapon {unknown}
 d - 4 scrolls of enchant armour
 j - 3 scrolls of noise
 k - a scroll of fog
 m - 6 scrolls of remove curse
 n - 5 scrolls of teleportation
 s - 2 scrolls of magic mapping
 u - 3 scrolls of recharging
 D - 2 scrolls of fear {unknown}
 H - 5 scrolls of amnesia
Potions
 c - a potion of resistance
 v - 3 potions of brilliance
 x - 3 potions of curing
 C - 2 potions of flight
 E - a potion of magic
 J - a potion of heal wounds
 K - a potion of ambrosia
 M - a potion of cure mutation
Books
 O - a book of Battle

   Spells                             Type                      Level
   a - Infusion                       Charms                       1
   b - Shroud of Golubria             Charms/Translocation         2
   c - Song of Slaying                Charms                       2
   d - Spectral Weapon                Hexes/Charms                 3
   e - Regeneration                   Charms/Necromancy            3
Comestibles
 a - 6 bread rations
 f - 3 slices of pizza
 o - 4 fruits


   Skills:
 - Level 3.0 Fighting
 + Level 8.3 Dodging
 - Level 2.6 Stealth
 - Level 11.9 Unarmed Combat
 + Level 10.9 Invocations


You had 6 spell levels left.
You knew the following spells:

 Your Spells              Type           Power        Failure   Level  Hunger
a - Shroud of Golubria    Chrm/Tloc      #.........   16%         2    ###....
b - Song of Slaying       Chrm           #.......     16%         2    ###....


Dungeon Overview and Level Annotations

Branches:
Dungeon (10/15)            Temple (1/1) D:5            Lair (0/8) D:9
    Orc (0/2) D:10

Altars:
Ashenzari
Cheibriados
Dithmenos
Elyvilon
Fedhas
Gozag
Kikubaaqudgha
Makhleb
Nemelex Xobeh
Okawaru
Pakellas
Qazlal
Ru
Sif Muna
Trog
Vehumet
Xom
Yredelemnul
Zin
The Shining One
Beogh

Shops:
D:4 (   D:8 ???   D:10 ?


Innate Abilities, Weirdness & Mutations

You cannot wear most types of armour.
You are amphibious.
You can wear up to eight rings at the same time.
You can use your tentacles to constrict eight enemies at once.
Your skin changes colour to match your surroundings (Stealth).
Your rubbery body absorbs attacks (AC +1).


Message History

You speak a Word of immense power!
It was a scroll of holy word.
Read which item? (? for menu, Esc to quit)
As you read the scroll labeled GUK PEHIPLAW, it crumbles to dust.
A profound silence engulfs you.
It was a scroll of silence.
You tentacle-slap the hill giant but do no damage.
The hill giant hits you with a giant spiked club!
You bludgeon the hill giant! You tentacle-slap the hill giant.
Your squeeze misses the hill giant.
The hill giant is moderately wounded.
The hill giant closely misses you.
You bludgeon the hill giant! You tentacle-slap the hill giant.
The hill giant is heavily wounded.
The orc zaps a wand.
The bolt of lightning hits you!
It is a wand of lightning.
You bludgeon the hill giant!
You squeeze the hill giant, but do no damage.
The hill giant is severely wounded.
You have got your breath back.
The hill giant hits you with a giant spiked club!!
You die...
Xom bursts into laughter!

##.##........## #.)..##
#.###.##.#...# #.....#
##...#....#.#)###.....o
##...........#..##......
#.........([.##.....>...
#.........#+#####)......
#.........# #.......
##..o.C...# #..(....
##...#@..# #...###.
###.##### #....... #.#
#....... #.#
#######....... #.#
............. ####.##
#........... #....##.
...........
#....#..######.####.o[.
#...................##8


You could see a hill giant (dazed) and an orc.

Vanquished Creatures
  The ghost of Galewind the Thaumaturge, a journeyman DECj of Vehumet (D:9)
  An orc knight (D:9)
  Maurice (D:8)
  A fire drake (D:9)
  The ghost of Galewind the Charmwright, a novice DECj of Vehumet (D:5)
  Sigmund (D:6)
  3 wyverns (D:9)
  A hippogriff (D:8)
  2 black bears
  An orc warrior (D:9)
  4 sky beasts
  3 ice beasts
  A necrophage (D:9)
  3 phantoms
  5 centaurs
  4 ogres
  A big kobold (D:8)
  3 giant frogs
  13 scorpions
  A wyvern skeleton (D:6)
  5 killer bees (D:8)
  4 wights
  A centaur zombie (Ossuary)
  4 crimson imps
  2 giant frog zombies
  A quasit (D:7)
  3 centaur skeletons
  2 human zombies (Ossuary)
  3 orc priests
  7 orc wizards
  3 hounds
  A jelly (D:8)
  2 giant frog skeletons (D:6)
  Jessica (D:2)
  2 iguanas
  Natasha (thrice) (D:2 D:4)
  11 worker ants
  A killer bee zombie (D:9)
  2 big kobold zombies (Ossuary)
  4 mummies
  A hound skeleton (D:4)
  Robin (D:2)
  12 adders
  8 gnolls
  7 scorpion zombies (Ossuary)
  A shadow imp (D:5)
  An ooze (D:1)
  A worm zombie (D:7)
  2 adder skeletons
  6 worms
  8 giant geckos
  46 orcs
  4 ball pythons
  6 giant cockroaches
  15 goblins
  12 hobgoblins
  5 jackals
  16 kobolds
  6 quokkas
  4 bats
  2 giant gecko skeletons
  A giant gecko zombie (D:7)
  4 giant newts
  2 gnoll zombies (Ossuary)
  A goblin zombie (Ossuary)
  6 hobgoblin zombies
  2 rats
293 creatures vanquished.

Vanquished Creatures (others)
  An orc wizard (D:3)
  An orc zombie (Ossuary)
2 creatures vanquished.

Grand Total: 295 creatures vanquished

Notes
Turn   | Place    | Note
--------------------------------------------------------------
     0 | D:1      | M4edhros the Octopode Monk began the quest for the Orb.
     0 | D:1      | Reached XP level 1. HP: 16/16 MP: 1/1
   441 | D:1      | Reached XP level 2. HP: 21/21 MP: 2/2
  1222 | D:2      | Reached skill level 5 in Unarmed Combat
  1222 | D:2      | Reached XP level 3. HP: 26/26 MP: 3/3
  1404 | D:2      | Noticed Jessica
  1450 | D:2      | Reached XP level 4. HP: 19/31 MP: 4/4
  1504 | D:2      | Reached skill level 6 in Unarmed Combat
  1598 | D:2      | Noticed Robin
  1718 | D:2      | Killed Robin
  1718 | D:2      | Reached XP level 5. HP: 36/36 MP: 5/5
  1727 | D:2      | Killed Jessica
  1896 | D:2      | Noticed Natasha
  1903 | D:2      | Killed Natasha
  1903 | D:2      | Reached skill level 7 in Unarmed Combat
  2332 | D:3      | Reached XP level 6. HP: 37/42 MP: 6/6
  3198 | D:4      | Reached skill level 8 in Unarmed Combat
  3265 | D:4      | Noticed Natasha
  3270 | D:4      | Reached XP level 7. HP: 46/46 MP: 7/7
  3274 | D:4      | Killed Natasha
  3361 | D:4      | Reached skill level 9 in Unarmed Combat
  3635 | D:4      | Noticed Natasha
  3643 | D:4      | Killed Natasha
  3643 | D:4      | Reached XP level 8. HP: 44/52 MP: 8/8
  3732 | D:4      | Found Guisuhio's Weapon Shop.
  3824 | D:5      | Entered Level 5 of the Dungeon
  3851 | D:5      | Reached skill level 10 in Unarmed Combat
  4132 | D:5      | Noticed Galewind's ghost (novice DECj)
  4879 | D:6      | Reached skill level 11 in Unarmed Combat
  4912 | D:6      | Gained mutation: You are frail (-10% HP). [mutagenic meat]
  5017 | D:6      | Noticed Sigmund
  5026 | D:6      | Killed Sigmund
  5033 | D:6      | Reached XP level 9. HP: 42/50 MP: 9/9
  5388 | D:5      | Found a staircase to the Ecumenical Temple.
  5601 | Temple   | Entered the Ecumenical Temple
  5696 | Temple   | Became a worshipper of Xom the Begetter of Discontinuities
  5712 | Temple   | Fell from the grace of Xom
  5712 | Temple   | Became a worshipper of Zin the Law-Giver
  5712 | Temple   | Reached * piety under Zin
  5747 | D:5      | Reached skill level 5 in Dodging
  5826 | D:5      | Killed Galewind's ghost
  5886 | D:5      | Reached ** piety under Zin
  5906 | D:5      | Reached skill level 1 in Invocations
  6292 | D:7      | XOM: noise
  6581 | D:7      | Found a sand-covered staircase.
  6593 | Ossuary  | Entered an ossuary
  6706 | Ossuary  | XOM: confusion (+ monsters)
  6725 | Ossuary  | Lost mutation: You are frail (-10% HP). [potion of cure mutation]
  6726 | Ossuary  | HP: 2/56 [poisoned by a scorpion]
  6731 | Ossuary  | HP: 1/56 [poisoned by a scorpion]
  6736 | Ossuary  | HP: 1/56 [poisoned by a scorpion]
  7111 | Ossuary  | Reached *** piety under Zin
  7388 | Ossuary  | Reached skill level 5 in Invocations
  7388 | Ossuary  | Reached XP level 10. HP: 54/63 MP: 13/13
  7552 | Ossuary  | XOM: medium Trmt miscast
  7907 | D:7      | Found a sparkling altar of Nemelex Xobeh.
  8638 | D:8      | XOM: noise
  9310 | D:8      | Found Obirgh's Magic Scroll Emporium.
  9322 | D:8      | Found Toucw's Magic Scroll Shop.
  9349 | D:8      | Noticed Maurice
  9530 | D:8      | XOM: noise
  9654 | D:8      | Found a bloodstained altar of Trog.
  9746 | D:8      | Found Fiema's Magic Scroll Shop.
  9861 | D:8      | Killed Maurice
  9863 | D:8      | Reached **** piety under Zin
  9863 | D:8      | Reached ***** piety under Zin
  9863 | D:8      | Reached ****** piety under Zin
  9974 | D:9      | Noticed Galewind's ghost (journeyman DECj)
  9978 | D:9      | Learned a level 2 spell: Shroud of Golubria
 10103 | D:9      | Got a jewelled mace
 10104 | D:9      | Identified the +5 mace of Maingemi {crush, rC+ Dex+2} (You found it on level 9 of the Dungeon)
 10144 | D:9      | Found a snail-covered altar of Cheibriados.
 10245 | D:9      | Found a staircase to the Lair.
 10339 | D:9      | Reached skill level 10 in Invocations
 10506 | D:8      | XOM: medium Conj miscast
 10878 | D:9      | XOM: blink monster(s)
 10889 | D:9      | Killed Galewind's ghost
 10889 | D:9      | Reached XP level 11. HP: 38/67 MP: 18/18
 10945 | D:9      | XOM: give mutations
 10945 | D:9      | XOM: medium Tloc miscast
 11345 | D:10     | Entered Level 10 of the Dungeon
 11349 | D:10     | Learned a level 2 spell: Song of Slaying
 11586 | D:10     | Found a roughly hewn altar of Beogh.
 11586 | D:10     | Found a staircase to the Orcish Mines.
 11586 | D:10     | Noticed an orc knight
 11590 | D:10     | XOM: polymorph orc -> kobold
 11594 | D:10     | Noticed a hill giant
 11643 | D:9      | Zin protects you from harm!
 11644 | D:9      | Killed an orc knight
 11724 | D:9      | XOM: medium Pois miscast
 11861 | D:10     | Found Qishrol's Magic Scroll Shop.
 11932 | D:10     | Mangled by a hill giant

Vault maps used:
D:1:      dpeg_arrival_houses_and_road
D:2:      kennysheep_big_flooded_room, uniq_natasha, uniq_robin, uniq_jessica
D:3:      first_bread
D:4:      serial_shops, shop, minmay_misc_feat_more_columns, minivault_27
D:5:      minmay_temple_entry_hall
D:6:      uniq_sigmund
D:7:      serial_co_window_serial, co_window_paths_a, co_window_corner_a,
          co_window_paths_a, co_window_paths_a, co_window_corner_a,
          co_window_paths_b, co_window_of_opportunity_b, co_window_corner_ca,
          co_window_corner_cb, co_window_broadway_b, co_window_corner_b,
          co_window_4corner_b, glass_columns_a, glass_columns_b,
          glass_columns_a, enter_ossuary_3, basic_altar
D:8:      lemuel_coloured_pillars_altar, serial_shops, shop, shop, shop,
          uniq_maurice
D:9:      slow_altar_1, minmay_lair_entry_lava
D:10:     david_orc_5, serial_shops, shop, grunt_livestock, grunt_ministairs_15
Temple:   grunt_wide_crystal_templ_18
Ossuary:  ossuary_minmay_scorpions

Action                   |  1- 3 |  4- 6 |  7- 9 | 10-12 || total
-------------------------+-------+-------+-------+-------++-------
Melee: Unarmed           |    53 |   133 |   294 |   302 ||   782
Throw: Javelin           |     3 |     3 |     3 |       ||     9
       Stone             |       |    12 |       |       ||    12
Invok: Recite            |       |       |     2 |    13 ||    15
       Vitalisation      |       |       |       |    14 ||    14
Evoke: Wand              |       |       |     2 |       ||     2
  Use: Scroll            |     6 |     1 |     7 |     6 ||    20
       Potion            |       |     7 |     9 |     9 ||    25
 Stab: Sleeping          |     8 |     9 |    19 |     4 ||    40
       Distracted        |       |     1 |       |     3 ||     4
       Paralysed         |       |       |     4 |     1 ||     5
       Confused          |       |       |       |     9 ||     9
       Invisible         |       |       |       |     5 ||     5
  Eat: Chunk             |     1 |     7 |     4 |     2 ||    14
       Meat ration       |       |       |     2 |     1 ||     3
       Beef jerky        |       |       |     1 |       ||     1
       Bread ration      |       |       |       |     2 ||     2
